[Event "*** Titled Tuesday Blitz"]
[Site "Chess.com"]
[Date "2020.04.28"]
[Round "7"]
[White "Biranidun"]
[Black "GeorgMeier"]
[Result "0-1"]
[WhiteElo "2716"]
[BlackElo "3007"]
[TimeControl "180+1"]
[EndTime "11:19:25 PDT"]
[Termination "GeorgMeier won on time"]

1. e4 e6 2. d4 d5 3. Nc3 dxe4 4.
Nxe4 Nd7 5. Nf3 Ngf6 6. Bd3 c5 7. O-O Nxe4 8. Bxe4 Nf6 9. Bg5 cxd4 10. Nxd4 Be7 11.
Bf3 O-O 12. Qd3 Bc5 13. Rad1 e5 14. Nb3 Qxd3 15. cxd3 Bb6 16. Rfe1 h6 17. Be3 Be6 18. Bxb7 Rab8 19. Ba6 Bxb3 20. axb3 Bxe3 21. Rxe3 Rxb3 22. Rxe5 Rxb2 23. Rde1 Rbb8 24. Re7 Rfe8 25. h3 Kf8 26. Rxe8+ Rxe8 27. Ra1 Re7 28. Bc4 Rc7 29. f3 Ke7 30. Kf2 Kd6 31. Ke3 Kc5 32. Ra5+ Kb4 33. Rb5+ Kc3 34. Rb3+ Kc2 35. Ra3 Kb2 36. Ra2+ Kc3 37.
Ra3+ Kb2 38. Ra2+ Kc3 39. Ra3+ Kb4 40. Ra6 Rd7 41. g4 Kc3 42. Ra3+ Kb4 43. Ra6 Ne8 44. h4 Nd6 45. Ba2 Nb5 46. Bc4 Nd6 47. Ba2 Kb5 48. Ra3 a5 49. Rb3+ Kc5 50. d4+ Kc6 51. Rc3+ Kb6 52. Rc5 Rc7 53. Rxc7 Kxc7 54.
h5 Kb6 55. f4 f6 56. Kf3 Kb5 57. g5 Kb4 58. g6 a4 59. Ke3 Kc3 60. Be6 a3 0-1

[Event "*** Titled Tuesday Blitz"]
[Site "Chess.com"]
[Date "2020.04.28"]
[Round "7"]
[White "Mizner"]
[Black "doctorcristian"]
[Result "1-0"]
[WhiteElo "2478"]
[BlackElo "2331"]
[TimeControl "180+1"]
[EndTime "11:19:26 PDT"]
[Termination "Mizner won on time"]

1. e4 c6 2. d4 d5 3. Nd2 dxe4 4.
Nxe4 Nf6 5. Nxf6+ gxf6 6. Nf3 Bg4 7. c3 Nd7 8. h3 Bh5 9. g4 Bg6 10.
Nh4 e6 11. Bg2 f5 12. Nxg6 hxg6 13. Qb3 Qc7 14. Be3 Bd6 15. O-O-O O-O-O 16. Qa4 a6 17. Kb1 Kb8 18. c4 Bf4 19. c5 Nf6 20. gxf5 gxf5 21. Rd3 Nd5 22. Rc1 Rhg8 23. Bf1 Bxe3 24. fxe3 Rg3 25.
Qa3 Kc8 26. Rb3 Kd7 27. h4 Rh8 28. h5 Rxh5 29. Bxa6 bxa6 30. Qxa6 Rh2 31. Rb7 Rgg2 32. Rxc7+ Nxc7 33. Qb7 Re2 34. a4 Kd8 35. Qb8+ Kd7 36.
a5 Na6 37. Qb7+ Kd8 38. Rc3 Nc7 39. Rb3 Nd5 40. Qb8+ Ke7 41. Rb7+ Kf6 42. a6 Nxe3 43. a7 Nc4 44. a8=Q Re1+ 45. Ka2 Rhh1 46. Qd8+ Kg6 47. Kb3 1-0

[Event "*** Titled Tuesday Blitz"]
[Site "Chess.com"]
[Date "2020.04.28"]
[Round "7"]
[White "Quattroporte300"]
[Black "QueenOfTactics90"]
[Result "1-0"]
[WhiteElo "2300"]
[BlackElo "1943"]
[TimeControl "180+1"]
[EndTime "11:19:26 PDT"]
[Termination "Quattroporte300 won by resignation"]

1. e4 c5 2. Nf3 Nc6 3. d4 cxd4 4. Nxd4 g6 5. Nc3 Bg7 6. Be3 Nf6 7. Nxc6 bxc6 8. e5 Ng8 9. Bd4 Nh6 10. e6 f6 11. exd7+ Qxd7 12. Bc4 Nf5 13. Bc5 Qxd1+ 14.
Rxd1 e5 15. O-O Bf8 16. Ne4 Bxc5 17. Nxc5 Ke7 18. c3 Nd6 19. Bb3 Bf5 20. Rfe1 g5 21. Ba4 Rac8 22. Rd2 h5 23. f3 Nc4 24. Rde2 Nb6 25.
Bb3 Kd6 26. Ne4+ Ke7 27. Ng3 Bd3 28. Rd2 Rhd8 29. Kf2 Bg6 30. Red1 Rxd2+ 31. Rxd2 Rd8 32. Rxd8 Kxd8 33. Ke3 Kc7 34. Ne4 Bxe4 35. Kxe4 Kd6 36. Kf5 Ke7 37. Ke4 h4 38. Bg8 Nd7 39. b4 Nb6 40.
Bb3 a6 41. a4 Kd6 42. a5 Nd5 43. Bxd5 cxd5+ 44. Kf5 d4 45. cxd4 exd4 46. Ke4 Kc6 47.
Kxd4 Kb5 48. Kc3 f5 49. h3 g4 50. fxg4 fxg4 51. hxg4 Kc6 52. g5 Kd5 53. b5 axb5 54. a6 Kc6 55. g6 Kb6 56. g7 Kxa6 57.
g8=Q Ka5 58. Qa8+ Kb6 59. Kb4 Kc7 60. Kxb5 Kd6 61. Qe4 h3 62. gxh3 1-0

[Event "*** Titled Tuesday Blitz"]
[Site "Chess.com"]
[Date "2020.04.28"]
[Round "7"]
[White "Trankuilizer"]
[Black "Murad_Ibrahimli"]
[Result "1-0"]
[WhiteElo "2521"]
[BlackElo "2746"]
[TimeControl "180+1"]
[EndTime "11:19:27 PDT"]
[Termination "Trankuilizer won by resignation"]

1. e4 c5 2. c3 d5 3. exd5 Qxd5 4. d4 g6 5. Nf3 Bg7 6. Na3 cxd4 7. Bc4 Qa5 8. Qb3 e6 9. Nb5 Nc6 10. Nd6+ Kf8 11.
O-O Qc7 12. Nb5 Qd8 13. Bg5 Nf6 14. Rad1 a6 15. Nbxd4 Nxd4 16. Nxd4 Qc7 17. Bh4 b5 18. Be2 Bb7 19. Bg3 Qc8 20. a4 bxa4 21. Qxa4 h5 22. Bf3 h4 23. Be5 h3 24. Qb4+ Kg8 25.
Qxb7 Qxb7 26. Bxb7 Re8 27. g3 Ng4 28. Bxg7 Kxg7 29.
Bxa6 Rb8 30. b4 Rb6 31. Be2 Nf6 32. b5 e5 33. Nc6 Re8 34. c4 Ne4 35. Rfe1 Nc3 36.
Rc1 Na4 37. c5 Rb7 38. Rc4 Ra8 39. Ra1 Rxb5 40. Rcxa4 Rxa4 41. Rxa4 Rxc5 42. Rc4 Rd5 43. Bf1 f5 44. Nb4 Rd1 45. Rc6 e4 46. Re6 g5 47.
Nc2 Kf7 48. Re5 Kf6 49. Rxf5+ Kxf5 50. Ne3+ 1-0

[Event "*** Titled Tuesday Blitz"]
[Site "Chess.com"]
[Date "2020.04.28"]
[Round "7"]
[White "AustrianFalcon"]
[Black "Tsubasa"]
[Result "1/2-1/2"]
[WhiteElo "2561"]
[BlackElo "2418"]
[TimeControl "180+1"]
[EndTime "11:19:27 PDT"]
[Termination "Game drawn - insufficient material"]

1. e4 e6 2. d4 d5 3. Nc3 Nc6 4. e5 f6 5. f4 Nh6 6. Nf3 Bb4 7. a3 Bxc3+ 8. bxc3 O-O 9. Bd3 Bd7 10. O-O f5 11. h3 Na5 12. g4 Nc4 13. Ng5 b5 14. Qf3 Qe7 15. Qg3 c5 16. a4 cxd4 17. cxd4 b4 18. Nf3 Rab8 19. Kh2 a5 20. Rg1 Kh8 21. Nh4 b3 22. Bxc4 b2 23. Bxb2 Rxb2 24. Bb3 fxg4 25. hxg4 Qb4 26. Raf1 Qxd4 27. Rg2 Bxa4 28. f5 Bxb3 29.
cxb3 Rxg2+ 30. Kxg2 Qe4+ 31. Kh3 exf5 32. gxf5 Qe2 33.
Rf2 Qh5 34. f6 gxf6 35. exf6 Rg8 36. Qf4 Qg4+ 37. Qxg4 Nxg4 38. Rf4 Ne5 39. Rf5 Ng6 40. Nxg6+ hxg6 41. Rxd5 Rb8 42. Rxa5 Rxb3+ 43. Kg4 Kg8 44. Kg5 Rg3+ 45. Kh6 Kf7 46. Ra6 Rf3 47. Kg5 Rf5+ 48. Kg4 Rxf6 49. Rxf6+ Kxf6 50. Kf4 g5+ 51. Kg4 Kg6 52. Kg3 Kf5 53. Kf3 g4+ 54. Kg3 Kg5 55. Kg2 Kf4 56. Kf2 g3+ 57. Kg2 Kg4 58. Kg1 Kf3 59. Kf1 Kg4 60. Kg2 Kf4 61. Kg1 Kf3 62.
Kf1 g2+ 63. Kg1 Ke3 64. Kxg2 1/2-1/2

[Event "*** Titled Tuesday Blitz"]
[Site "Chess.com"]
[Date "2020.04.28"]
[Round "7"]
[White "Duong57"]
[Black "Corpescador"]
[Result "0-1"]
[WhiteElo "2195"]
[BlackElo "2359"]
[TimeControl "180+1"]
[EndTime "11:19:27 PDT"]
[Termination "Corpescador won on time"]

1. d4 Nf6 2. c4 e6 3. Nc3 Bb4 4. Qc2 O-O 5. a3 Bxc3+ 6. Qxc3 d5 7. Bg5 dxc4 8. Qxc4 b6 9. Nf3 Ba6 10. Qa4 Qd7 11.
Qxd7 Nbxd7 12. e3 Bxf1 13. Kxf1 c5 14. Ke2 Ne4 15. Bh4 f6 16. Rhd1 Rfd8 17. Rac1 Rac8 18. d5 e5 19. Rc4 Nd6 20. Rc2 c4 21. g4 h6 22. Ne1 b5 23. f3 e4 24. Bg3 Nc5 25.
Bxd6 Rxd6 26. fxe4 Nxe4 27. Rd4 Re8 28. Nf3 Nc5 29. Rd1 Re4 30. h3 Nb3 31. Rc3 a6 32. Rc2 Kh7 33. Nd2 Nxd2 34. Rcxd2 h5 35. Kf3 Re5 36.
e4 Kg6 37. Kf4 Kf7 38. Rd4 Ke7 39. a4 g5+ 40. Kf3 Kd7 41. axb5 hxg4+ 42. hxg4 axb5 43. Ra1 Rb6 44. Ra7+ Kd6 45. Rf7 Kc5 46. Rd2 Rd6 47. Rc7+ Kb4 48. Rf7 Kb3 49. Rc7 b4 50. Ke3 Re8 51.
Kd4 Rdd8 52. Re2 Rc8 53. Ra7 c3 54. bxc3 Rc4+ 55. Kd3 Rxc3+ 56. Kd4 Rc4+ 57. Kd3 Rec8 0-1

[Event "*** Titled Tuesday Blitz"]
[Site "Chess.com"]
[Date "2020.04.28"]
[Round "7"]
[White "OparinGrigoriy"]
[Black "Jumbo"]
[Result "0-1"]
[WhiteElo "2900"]
[BlackElo "2762"]
[TimeControl "180+1"]
[EndTime "11:19:28 PDT"]
[Termination "Jumbo won on time"]

1. Nf3 Nf6 2. g3 e6 3. Bg2 d5 4. c4 d4 5. O-O c5 6. e3 Nc6 7.
exd4 cxd4 8. d3 Bd6 9. Na3 O-O 10. Nc2 e5 11. b4 a6 12. c5 Bc7 13. a4 Nd5 14.
Bd2 Bf5 15. b5 axb5 16. axb5 Rxa1 17. Qxa1 Bxd3 18. bxc6 Bxf1 19. Qxf1 bxc6 20. Ng5 h6 21. Nf3 Re8 22. Nh4 Qe7 23. Qc4 Qe6 24. Nb4 Nxb4 25.
Qxe6 Rxe6 26. Bxb4 g6 27. Nf3 d3 28. Nd2 f5 29. f3 Re8 30. Kf2 Rb8 31. Bc3 Rb5 32.
Ke3 Rxc5 33. Kxd3 Ba5 34. Nc4 Bxc3 35. Kxc3 Kg7 36. Bf1 Kf6 37. Be2 g5 38. g4 fxg4 39.
fxg4 Rd5 40. Bf3 Rd4 41. Nd2 Rf4 42. Kd3 Ke6 43. Ke3 c5 44. Be2 Kd5 45. Bf3+ Ke6 46. Be2 Rd4 47. Bc4+ Kd6 48. Be2 Rb4 49. Ne4+ Kd5 50.
Nf6+ Ke6 51. Ne4 Rb3+ 52. Kd2 Kd5 53. Nc3+ Kd4 54. Nb5+ Ke4 55. Nc3+ Kd4 56. Nb5+ Kd5 57. Nc3+ Kd6 58. Ne4+ Kc6 59. Nf6 Rh3 0-1

[Event "*** Titled Tuesday Blitz"]
[Site "Chess.com"]
[Date "2020.04.28"]
[Round "7"]
[White "UCantHandleDenker"]
[Black "dzhumagaliev"]
[Result "1-0"]
[WhiteElo "2572"]
[BlackElo "2723"]
[TimeControl "180+1"]
[EndTime "11:19:30 PDT"]
[Termination "UCantHandleDenker won by resignation"]

1. Nf3 h5 2. h4 d5 3. d3 Nf6 4.
g3 Bg4 5. Bg2 c5 6. O-O Nc6 7.
c4 d4 8. e3 e6 9. exd4 cxd4 10.
Nbd2 Be7 11. a3 a5 12. Rb1 O-O 13. Re1 Nd7 14. Qc2 Bf5 15. Ne4 a4 16. Nfg5 Qc7 17. Bf4 e5 18. Bd2 f6 19. Nh3 Rfe8 20. Qd1 Bg4 21.
f3 Be6 22. Nhf2 Nf8 23. f4 Bf7 24. f5 Bd8 25. g4 hxg4 26. Qxg4 Nh7 27. Bh6 g6 28.
fxg6 Be6 29. gxh7+ Kxh7 30. Qh5 Bf7 31. Nxf6+ Bxf6 32. Qf5+ Bg6 33. Qxf6 Kxh6 34. Qg5+ Kh7 35. Ng4 Qg7 36.
Nf6+ Kh8 37. Nxe8 Rxe8 38. Be4 Bxe4 39. Qxg7+ Kxg7 40. Rxe4 Kf6 41. Rf1+ Ke6 42. h5 Rh8 43. Rh4 Rh6 44. Kh2 Ne7 45. Kh3 Nf5 46. Rxf5 Kxf5 47. Kg3 Kg5 48. Rg4+ Kf5 49. Rh4 b6 50. Kf3 Kg5 51.
Re4 Kf6 52. Rh4 Kf5 53. Rh3 e4+ 54. dxe4+ Ke5 55. Rh4 Rf6+ 56. Ke2 Rh6 57. Kd3 Rf6 58. h6 Rf3+ 59. Ke2 Rb3 60. h7 Rxb2+ 61. Kd3 Rb3+ 62. Kc2 d3+ 63. Kd2 1-0

[Event "*** Titled Tuesday Blitz"]
[Site "Chess.com"]
[Date "2020.04.28"]
[Round "7"]
[White "Kildepiotr"]
[Black "Maybe00"]
[Result "0-1"]
[WhiteElo "2569"]
[BlackElo "2770"]
[TimeControl "180+1"]
[EndTime "11:19:32 PDT"]
[Termination "Maybe00 won on time"]

1. Nf3 d5 2. g3 c6 3. Bg2 Bg4 4. O-O e6 5. d3 Bd6 6. Nbd2 Ne7 7. e4 Nd7 8. h3 Bh5 9. Qe1 O-O 10. Nh4 Ng6 11. Nxg6 Bxg6 12. f4 dxe4 13. dxe4 f6 14. Nc4 Bc5+ 15. Be3 b5 16. Nd2 Qb6 17. Rf3 Rad8 18.
Kh2 Bxe3 19. Rxe3 Nc5 20. b3 a5 21. Nf3 Bf7 22. e5 f5 23. Ng5 h6 24. Nxf7 Rxf7 25. Rd1 Rxd1 26. Qxd1 Rd7 27. Qh5 Rf7 28. Re1 Ne4 29.
Bxe4 fxe4 30. Kg2 Qc5 31. Qe2 Rd7 32. Qxe4 Rd2+ 33. Re2 Rd1 34. h4 h5 35. Rf2 b4 36.
Qf3 Qd5 37. Qxd5 cxd5 38. Kf3 Kf7 39. Ke3 Kg6 40. Rd2 Ra1 41. Kd4 Kf5 42. c4 bxc3 43. Kxc3 Rg1 44. Kd4 Rxg3 45. Rf2 g6 46. Kc5 Rg4 47.
Kd6 Rxh4 48. a3 Rxf4 49. Rxf4+ Kxf4 50. Kxe6 d4 51. Kf7 d3 52. e6 d2 53. e7 d1=Q 54. e8=Q g5 55. Qb8+ Kf3 56. Qb7+ Kg3 57. Qc7+ Kg4 58. Qxa5 h4 59. Qb4+ Kg3 60. a4 Qf3+ 61.
Kg6 g4 62. a5 h3 63. Qd6+ Kg2 64. a6 h2 0-1

[Event "*** Titled Tuesday Blitz"]
[Site "Chess.com"]
[Date "2020.04.28"]
[Round "7"]
[White "aspired"]
[Black "sergoy"]
[Result "0-1"]
[WhiteElo "2737"]
[BlackElo "2871"]
[TimeControl "180+1"]
[EndTime "11:19:33 PDT"]
[Termination "sergoy won on time"]

1. e4 c5 2. c3 Nf6 3. e5 Nd5 4.
Nf3 e6 5. d4 cxd4 6. cxd4 d6 7.
Nc3 Nxc3 8. bxc3 Qc7 9. Bd2 Nd7 10. exd6 Bxd6 11. Bd3 b6 12. Be4 Bb7 13. Qe2 O-O 14. O-O Rac8 15. a4 Bxe4 16. Qxe4 Nf6 17. Qd3 Qc4 18.
Qxc4 Rxc4 19. a5 b5 20. a6 Ne4 21. Rfb1 Rb8 22. Rb3 Rb6 23. Be1 h6 24. Kf1 Rcc6 25.
Ke2 Nf6 26. Ra5 Nd5 27. Rbxb5 Rxb5 28. Rxb5 Rxa6 29. g3 Nb6 30. Kd3 Ra4 31. Nd2 Ra1 32.
Rb1 Ra3 33. Nc4 Nxc4 34. Kxc4 a5 35. Bd2 a4 36. Be3 Ra2 37. Rb6 Be7 38. Rb7 Bd6 39.
Rb6 Bf8 40. Rb8 f6 41. Ra8 Kf7 42. Ra7+ Kg6 43. Kd3 Ra3 44. Kc2 Ra2+ 45. Kd3 Ra3 46. Kc2 Kf5 47. c4 Bb4 48. c5 Rc3+ 49. Kb1 a3 50. Ra4 Rb3+ 51. Kc2 Rb2+ 52. Kc1 Ke4 53. c6 Kd3 54. c7 Rc2+ 55. Kb1 Rb2+ 56. Kc1 Rc2+ 57.
Kb1 a2+ 58. Rxa2 Rxc7 59. Rb2 Bc3 60. Rb6 Ra7 0-1

[Event "*** Titled Tuesday Blitz"]
[Site "Chess.com"]
[Date "2020.04.28"]
[Round "7"]
[White "pawel83"]
[Black "monstertube"]
[Result "1-0"]
[WhiteElo "2339"]
[BlackElo "2147"]
[TimeControl "180+1"]
[EndTime "11:19:34 PDT"]
[Termination "pawel83 won by checkmate"]

1. d4 d5 2. Nf3 Nf6 3. Nbd2 Bf5 4. e3 e6 5. Be2 Be7 6. O-O O-O 7. b3 h6 8. Bb2 c5 9. Ne5 Nc6 10. Nxc6 bxc6 11.
Nf3 Qc7 12. Bd3 Ne4 13. Nd2 Nxd2 14. Qxd2 Bxd3 15. Qxd3 Bf6 16. Ba3 Be7 17. Bxc5 Bxc5 18. dxc5 a5 19. e4 Qf4 20. exd5 exd5 21. g3 Qf6 22. a4 Rfb8 23. Rae1 Rb4 24. Re3 Rd4 25. Qc3 Rb8 26. Rfe1 Rbb4 27. Rf3 Qg6 28. Kg2 Kh7 29.
Re7 f6 30. Ra7 Rd1 31. Rxa5 Rbd4 32. Ra8 Re4 33. Rd3 Rc1 34. Re3 Rxe3 35. Qxe3 Rxc2 36.
a5 Ra2 37. a6 Ra1 38. a7 Qb1 39. Qe2 Qh1+ 40. Kh3 Qb1 41. Qg4 Ra2 42. Qf3 Ra1 43. b4 Ra2 44. g4 Qf1+ 45. Kh4 Qb1 46. Qf5+ Qxf5 47. gxf5 Ra4 48. Kg3 Ra3+ 49. f3 h5 50. b5 cxb5 51. c6 d4 52. c7 Rc3 53. c8=Q Rxc8 54.
Rxc8 d3 55. a8=Q d2 56. Rh8# 1-0

[Event "*** Titled Tuesday Blitz"]
[Site "Chess.com"]
[Date "2020.04.28"]
[Round "7"]
[White "Duhless"]
[Black "djamir"]
[Result "1-0"]
[WhiteElo "3089"]
[BlackElo "2729"]
[TimeControl "180+1"]
[EndTime "11:19:36 PDT"]
[Termination "Duhless won by resignation"]

1. d4 Nf6 2. c4 e6 3. Nf3 Bb4+ 4.
Nbd2 b6 5. a3 Bxd2+ 6. Qxd2 Bb7 7. e3 O-O 8. Be2 d6 9. b4 Nbd7 10. Bb2 Qe7 11. Qc2 c5 12. O-O Rfd8 13. Rfd1 Rac8 14.
Rac1 Nf8 15. bxc5 dxc5 16. Ne5 Ng6 17. dxc5 Qxc5 18. Nxg6 hxg6 19. a4 Qg5 20. Bf1 Ng4 21. h3 Nf6 22. Rxd8+ Rxd8 23. Rd1 Ne4 24. Rd4 Nc5 25.
a5 Qe7 26. Qd2 Rc8 27. axb6 axb6 28. Qb4 Qc7 29. f3 e5 30. Rd1 f6 31. Bc3 Bc6 32. Be1 Rd8 33. Rb1 Rb8 34. Bf2 e4 35. f4 Bd7 36.
Rd1 Be6 37. Rd4 Ra8 38. Kh2 Rb8 39. Bg3 f5 40. Bh4 Kh7 41. Bg5 Nd3 42. Qb5 Nc5 43. Qb1 Ra8 44. Qe1 Kg8 45. Qd1 Rc8 46. Rd6 Qf7 47.
Qd4 Qc7 48. Bd8 Rxd8 49. Rxd8+ Kh7 50. Qd6 Qf7 51. Qxb6 Nd3 52. Qb8 g5 53. fxg5 Bxc4 54. Rd6 Be6 55. Bxd3 exd3 56. Rxd3 Bd5 57. Qf4 Be4 58.
Qh4+ Kg6 59. Rd6+ 1-0

[Event "*** Titled Tuesday Blitz"]
[Site "Chess.com"]
[Date "2020.04.28"]
[Round "7"]
[White "SamuelGhimpu2003"]
[Black "Alexander_Donchenko"]
[Result "0-1"]
[WhiteElo "2689"]
[BlackElo "2868"]
[TimeControl "180+1"]
[EndTime "11:19:37 PDT"]
[Termination "Alexander_Donchenko won by resignation"]

1. Nf3 Nf6 2. g3 b5 3. Bg2 Bb7 4. O-O e6 5. d3 c5 6. e4 d6 7. a4 a6 8. axb5 axb5 9. Rxa8 Bxa8 10. c3 Be7 11. Re1 O-O 12. Qb3 Qa5 13. Na3 b4 14. Nc4 Qb5 15. Bd2 Nc6 16. Ra1 Rb8 17. Bf4 e5 18.
Bg5 Ne8 19. Bxe7 Nxe7 20. Nxd6 Nxd6 21. Nxe5 bxc3 22. Qxc3 Bb7 23. Ra5 Qe8 24. Rxc5 Ng6 25. Nxg6 hxg6 26. b4 Ra8 27. h4 Rd8 28. Kh2 Nb5 29.
Qc4 Nd4 30. b5 Ne6 31. Re5 Rc8 32. Qb3 Rb8 33. d4 Bc8 34. d5 Qxb5 35. Qc3 Qc5 36. Qf3 Nc7 37. Qf4 Qd6 38. Rg5 Qxf4 39. gxf4 Bd7 40.
Kg3 Ne8 41. e5 Rb3+ 42. Kh2 Bf5 43. h5 Kf8 44. Rg3 Rxg3 45. Kxg3 gxh5 46. Kh4 g6 47. Kg5 Ke7 48. Bf3 f6+ 49. exf6+ Nxf6 50. d6+ Kf7 51. d7 Nxd7 52. Bxh5 gxh5 53. Kxf5 Nf6 54. Kg5 Kg7 55. f5 Kf7 56. Kh4 Kf8 57. Kg5 Kg7 58. f3 Kf7 59. Kh4 Kg8 60. Kg5 Kg7 61. f4 Kf7 62. Kh4 0-1

[Event "*** Titled Tuesday Blitz"]
[Site "Chess.com"]
[Date "2020.04.28"]
[Round "7"]
[White "ChessBitl"]
[Black "SiddharthGMJagadeesh"]
[Result "0-1"]
[WhiteElo "2282"]
[BlackElo "2474"]
[TimeControl "180+1"]
[EndTime "11:19:37 PDT"]
[Termination "SiddharthGMJagadeesh won on time"]

1. e4 c5 2. Nf3 Nc6 3. d4 cxd4 4.
Nxd4 g6 5. c4 Bg7 6. Be3 Nf6 7.
Nc3 O-O 8. f3 b6 9. Qd2 Bb7 10.
Be2 Qb8 11. O-O Rd8 12. Rfd1 d6 13. Rac1 Rd7 14. a3 Qf8 15. b4 Rad8 16. Ndb5 Ne8 17. Nd5 e6 18. Ndc3 Ba8 19. Nd4 Nc7 20. Nxc6 Bxc6 21.
Bf1 d5 22. exd5 exd5 23. cxd5 Bxd5 24. Nxd5 Rxd5 25. Qc2 Ne6 26. Rxd5 Rxd5 27. Bc4 Rd6 28.
Bxe6 Rxe6 29. Bf2 Re8 30. Qc4 Be5 31. Re1 Bb8 32. Rc1 Qh6 33. g3 Qh5 34. Kg2 Qg5 35. Rd1 Be5 36. f4 Qg4 37. Re1 Re6 38. Qc8+ Kg7 39. Rxe5 h5 40. Rxe6 fxe6 41. Qc3+ Kf7 42.
Qc7+ Kg8 43. Qd8+ Kf7 44. Qd7+ Kg8 45. Qd2 Qf5 46. h3 Qe4+ 47. Kh2 h4 48. g4 Qf3 49.
Bxh4 e5 50. fxe5 Qxa3 51. Bg3 Qxb4 52. e6 Qxd2+ 53. Kg1 Qe2 54. g5 Qxe6 55. h4 a5 56.
Kg2 a4 57. Kf3 a3 58. Bf4 a2 59. h5 a1=Q 0-1

[Event "*** Titled Tuesday Blitz"]
[Site "Chess.com"]
[Date "2020.04.28"]
[Round "7"]
[White "Nafania1"]
[Black "ulises2013"]
[Result "0-1"]
[WhiteElo "2389"]
[BlackElo "2629"]
[TimeControl "180+1"]
[EndTime "11:19:40 PDT"]
[Termination "ulises2013 won on time"]

1. e4 g6 2. d4 Bg7 3. Nf3 c5 4.
dxc5 Qa5+ 5. c3 Qxc5 6. Na3 d6 7. Be3 Qa5 8. Bd4 Nf6 9. Nc4 Qd8 10. e5 dxe5 11. Bxe5 Qxd1+ 12. Rxd1 Nc6 13. Bf4 O-O 14. Be2 Be6 15. a4 h6 16. O-O Rfd8 17. h3 Rac8 18. Rxd8+ Rxd8 19. Nfe5 Nxe5 20. Bxe5 Ne4 21. Bxg7 Kxg7 22.
Re1 Nc5 23. a5 Nd3 24. Bxd3 Rxd3 25. Ne3 Rd2 26. b4 Rb2 27. Rd1 Rb3 28. Rc1 Kf6 29. Kf1 g5 30. Ke2 h5 31. Kd3 Rb2 32. Rc2 Rb1 33.
Kd2 Bb3 34. Rc1 Rb2+ 35. Ke1 Ke5 36. Nd1 Ra2 37. Ne3 Be6 38. Rc2 Ra1+ 39. Ke2 Rb1 40.
Rd2 f5 41. g3 f4 42. gxf4+ gxf4 43. Nc2 Bxh3 44. Nd4 Bg4+ 45. f3 Bc8 46. Kd3 a6 47. Re2+ Kd6 48. Rh2 e5 49. Nc2 Bf5+ 50. Kd2 Rb2 51. Kc1 Rxc2+ 52. Rxc2 Bxc2 53. Kxc2 e4 54. fxe4 Ke5 55. Kd2 Kxe4 56. Ke2 h4 57. c4 Kd4 58. b5 Kxc4 59. bxa6 bxa6 60. Kf3 h3 0-1

[Event "*** Titled Tuesday Blitz"]
[Site "Chess.com"]
[Date "2020.04.28"]
[Round "7"]
[White "IwkooO"]
[Black "ahachess"]
[Result "1-0"]
[WhiteElo "2573"]
[BlackElo "2363"]
[TimeControl "180+1"]
[EndTime "11:19:41 PDT"]
[Termination "IwkooO won on time"]

1. c4 g6 2. g3 Bg7 3. Bg2 d6 4. Nc3 Nf6 5. e4 O-O 6. Nge2 e5 7. O-O Nc6 8. d3 Bg4 9. f3 Be6 10. Be3 Qd7 11. Qd2 Bh3 12. d4 Bxg2 13. Kxg2 exd4 14. Nxd4 Rfe8 15. Nxc6 Qxc6 16. b3 a6 17.
Rac1 Rad8 18. Nd5 Qd7 19. Bg5 Re6 20. Rfd1 Rde8 21. Bxf6 Bxf6 22. c5 Bd8 23. Nf4 Bg5 24.
Rc4 Qe7 25. Nd5 Bxd2 26. Nxe7+ R8xe7 27. Rxd2 dxc5 28. Rxc5 c6 29. g4 h6 30. h4 Kg7 31.
Kg3 Re5 32. Rc4 Kf6 33. Rcd4 g5 34. hxg5+ hxg5 35. Rh2 Kg7 36. Rd8 Rc5 37. Rhh8 Rc3 38. Rdg8+ Kf6 39. Rh6+ Ke5 40. Rxg5+ Kd4 41. Rf5 Rc2 42.
Rh2 Rxh2 43. Kxh2 c5 44. Kg3 Rd7 45. Kf4 b5 46. Rf6 c4 47. bxc4 bxc4 48. Rxa6 Rc7 49. Rd6+ Kc3 50. Kf5 Kb2 51. Rd2+ Ka3 52. e5 1-0

[Event "*** Titled Tuesday Blitz"]
[Site "Chess.com"]
[Date "2020.04.28"]
[Round "7"]
[White "Trickov"]
[Black "GoValya"]
[Result "1-0"]
[WhiteElo "2272"]
[BlackElo "2144"]
[TimeControl "180+1"]
[EndTime "11:19:41 PDT"]
[Termination "Trickov won on time"]

1. d4 Nf6 2. Nf3 e6 3. g3 c5 4. Bg2 cxd4 5. O-O Nc6 6. Nxd4 Be7 7. c4 O-O 8. Nc3 a6 9. b3 d5 10.
cxd5 exd5 11. Bb2 Bc5 12. Nxc6 bxc6 13. Na4 Ba7 14. Rc1 Bd7 15. Nc5 Bf5 16. Bd4 a5 17. Na4 Bxd4 18. Qxd4 Re8 19. e3 Rc8 20. Qb6 Qd6 21.
Qxa5 Be4 22. Qc5 Qe6 23. Nb6 Bxg2 24. Kxg2 Ne4 25. Qd4 Rb8 26. Na4 Rec8 27. Nc5 Qf5 28. Nxe4 dxe4 29. Rc4 Qf3+ 30. Kg1 Re8 31. Qd1 Qf6 32.
Qc2 Rbc8 33. Rxe4 Red8 34. Rd1 h5 35. Red4 Re8 36. Rd6 Qf3 37. R6d4 c5 38. Rf4 Qc6 39. Qc4 Qb7 40. Rd5 Re6 41. h4 Rce8 42. Qxc5 Rc6 43. Qb5 Rc1+ 44. Kh2 Qc8 45. Rc4 Rxc4 46. Qxc4 Qe6 47.
Qd4 g6 48. Rd8 Rxd8 49. Qxd8+ Kg7 50. Qd4+ Kg8 51. e4 Qg4 52. Kg2 Qe2 53. a4 Qc2 54. Qc4 Qd2 55. b4 g5 56. hxg5 Qxg5 57. Qd5 Qg6 58.
Qf5 Qg7 59. b5 h4 60. Qf4 1-0

[Event "*** Titled Tuesday Blitz"]
[Site "Chess.com"]
[Date "2020.04.28"]
[Round "7"]
[White "Rumpel-VK"]
[Black "SCIM"]
[Result "1-0"]
[WhiteElo "2629"]
[BlackElo "2492"]
[TimeControl "180+1"]
[EndTime "11:19:42 PDT"]
[Termination "Rumpel-VK won by checkmate"]

1. e4 c5 2. g3 Nc6 3. Bg2 g6 4. d3 Bg7 5. f4 d6 6. Nf3 Bg4 7.
O-O e6 8. h3 Bxf3 9. Qxf3 Nge7 10. c3 O-O 11. Be3 b5 12. Nd2 b4 13. Rac1 bxc3 14.
bxc3 Rb8 15. Rc2 Qa5 16. Nc4 Qc7 17. e5 d5 18. Nd6 Na5 19. Rfc1 Nf5 20. Nxf5 gxf5 21.
g4 fxg4 22. hxg4 f6 23. exf6 Rxf6 24. f5 Nc6 25. Bf4 e5 26. Qxd5+ Kh8 27. Bg5 Rd6 28. Qe4 Rg8 29. Be3 Bf8 30. Bf3 h5 31. Rh2 Qf7 32. g5 Ne7 33. Rxh5+ Rh6 34. Qxe5+ Kh7 35. Rxh6+ Bxh6 36.
Be4 Bxg5 37. f6+ Kh6 38. Qh2+ Qh5 39. Qxh5+ Kxh5 40. Bxg5 Rxg5+ 41. Kf2 Ng6 42. Rh1+ Kg4 43. Rg1+ Kf4 44. Rxg5 Kxg5 45. Bxg6 Kxg6 46. Ke3 Kxf6 47. d4 cxd4+ 48. Kxd4 Ke6 49. Kc5 Kd7 50. Kb5 Kc7 51. Ka6 Kb8 52. Kb5 Kb7 53. a3 Kc7 54. Kc5 Kb7 55. Kd6 Kc8 56. c4 Kd8 57. c5 Kc8 58. Kc6 Kb8 59. Kd7 a6 60. c6 Ka7 61.
c7 Kb7 62. c8=Q+ Kb6 63. Qc6+ Ka5 64. Qb7 Ka4 65. Qb4# 1-0

[Event "*** Titled Tuesday Blitz"]
[Site "Chess.com"]
[Date "2020.04.28"]
[Round "7"]
[White "YQPerez"]
[Black "GMStefanova"]
[Result "1-0"]
[WhiteElo "2955"]
[BlackElo "2693"]
[TimeControl "180+1"]
[EndTime "11:19:45 PDT"]
[Termination "YQPerez won on time"]

1. e4 e5 2. Nf3 Nc6 3. Nc3 Nf6 4. Bb5 Bb4 5. O-O O-O 6. Bxc6 bxc6 7. Nxe5 Bxc3 8. dxc3 Nxe4 9. Re1 Nd6 10. Qg4 f5 11. Qh5 f4 12. Nd3 Ba6 13. Nxf4 Qf6 14. Be3 Nf5 15.
Rad1 d6 16. Bc1 Bc4 17. a3 a5 18. Qg4 Bf7 19. h3 a4 20. Nh5 Qg6 21. Qxg6 Bxg6 22. Nf4 Bf7 23. Nd3 c5 24. Nf4 Rae8 25. Bd2 g5 26.
Nd3 h6 27. Rxe8 Bxe8 28. Re1 Bg6 29. g3 Kf7 30. Kg2 Rb8 31. f4 c4 32. Nb4 c5 33.
fxg5 cxb4 34. axb4 h5 35. Bf4 Ra8 36. g4 hxg4 37. hxg4 Ng7 38. Bxd6 Ne6 39. Rf1+ Ke8 40. Rf6 Kd7 41. Be5 Bxc2 42. g6 a3 43. bxa3 Rxa3 44. Rf7+ Kc6 45. g7 Ra8 46. Kg3 Kd5 47. Bf6 Rg8 48. g5 Bg6 49. Rd7+ Ke4 50. Re7 Kf5 51. Kf3 Bh5+ 52. Ke3 Rc8 53. b5 Rg8 54. b6 Be8 55. b7 Bc6 56. Kf2 Nxg5 57. Bxg5 Kxg5 58. Ke3 Kf6 59. Rc7 Bh1 60. Kd4 Ke6 61. Kc5 Ke5 62. Kb6 Kd6 63. Rxc4 1-0

[Event "*** Titled Tuesday Blitz"]
[Site "Chess.com"]
[Date "2020.04.28"]
[Round "7"]
[White "morfius"]
[Black "Mykola-Bortnyk"]
[Result "1-0"]
[WhiteElo "2614"]
[BlackElo "2911"]
[TimeControl "180+1"]
[EndTime "11:19:45 PDT"]
[Termination "morfius won by resignation"]

1. e4 Nf6 2. e5 Nd5 3. c4 Nb6 4. d4 d6 5. exd6 exd6 6. Nc3 Be7 7. Be2 O-O 8. Nf3 Bg4 9. b3 Bf6 10. Be3 Re8 11. Qd2 Nc6 12. O-O d5 13. c5 Nc8 14. h3 Bh5 15. Rfe1 Bg6 16. Bb5 N8e7 17. Bf4 Qd7 18. Ne5 Bxe5 19. Bxe5 a6 20. Bxc6 Nxc6 21. Bg3 Ne7 22. Qf4 Nf5 23. Qxc7 Qxc7 24. Bxc7 Nxd4 25. Rxe8+ Rxe8 26. Nxd5 Ne2+ 27. Kh2 Be4 28.
Nf4 Nc3 29. Re1 Nxa2 30. Nd5 Re6 31. Nf4 Re8 32. Nd5 f6 33. Bd6 Kf7 34. Nc7 Bc6 35.
Nxe8 Bxe8 36. Re7+ Kf8 37. Rxb7+ Kg8 38. Ra7 Nb4 39. Ra8 Kf7 40. Ra7+ Kg8 41. Re7 Bc6 42. Rc7 h5 43. f3 g5 44. h4 Bd5 45. Be7 Bxb3 46.
hxg5 fxg5 47. Bxg5 Bd5 48. Bd2 Nc6 49. Rd7 Bc4 50.
Rd6 Bb5 51. Rd7 a5 52. Rb7 Bc4 53. Rb6 Bd5 54. Ra6 Kf7 55. Bxa5 Ke6 56. Bc3 Kd7 57.
Ra8 Bf7 58. Rh8 Ke6 59. Kg3 Kd5 60. Rf8 Bg6 61. Rf6 Be8 62. Rf8 Bg6 63. Kf4 Kxc5 64. Kg5 Bd3 65. Kxh5 Kd5 66. g4 Ke6 67. g5 Ne7 68. Rf6+ Kd7 69. Be5 Ke8 70. Bd6 Nd5 71.
Rf8+ Kd7 72. Bc5 Ke6 73. g6 Nf6+ 74. Kh6 Bc4 75. g7 Ke5 76. Bd4+ 1-0